 Dungeon Crawl Stone Soup version 0.26.1-2-gb8aa6d0cf2 (webtiles) character file.

Game seed: 4253945202088592170

3829 Alarak the Carver (level 9, -11/117 HPs)
             Began as a Minotaur Berserker on Mar 18, 2021.
             Was a High Priest of Trog.
             Mangled by a freezing wraith (20 damage)
             ... on level 7 of the Dungeon on Mar 19, 2021.
             The game lasted 00:25:32 (6752 turns).

Alarak the Carver (Minotaur Berserker)              Turns: 6752, Time: 00:25:33

Health: -11/117    AC: 17    Str: 28    XL:     9   Next: 97%
Magic:  8/8        EV:  8    Int:  4    God:    Trog [*****.]
Gold:   357        SH:  0    Dex: 13    Spells: 8/8 levels left

rFire    . . .     SeeInvis .   F - +5 falchion
rCold    . . .     Faith    .   (no shield)
rNeg     . . .     Spirit   .   v - +1 plate armour
rPois    .         Reflect  .   (helmet restricted)
rElec    .         Harm     .   (no cloak)
rCorr    .         Rampage  .   (no gloves)
Will     .....                  p - +2 pair of boots
Stlth    ..........             (no amulet)
HPRegen  0.29/turn              q - +6 ring of strength
MPRegen  0.11/turn              C - +4 ring of slaying

@: berserking (expiring), slowed
A: retaliatory headbutt, horns 2
a: Renounce Religion, Berserk, Trog's Hand, Brothers in Arms


You were on level 7 of the Dungeon.
You worshipped Trog.
Trog was extremely pleased with you.
You visited 1 branch of the dungeon, and saw 7 of its levels.

You collected 357 gold pieces.

Inventory:

Hand Weapons
 a - a +0 falchion
 n - a +0 long sword
 r - a +0 dagger of draining
 A - a +2 dagger of draining
 E - a +3 battleaxe
 F - a +5 falchion (weapon)
 G - a +3 morningstar
 H - a +4 dagger
 M - a +2 great sword of freezing
Missiles
 N - 3 throwing nets
Armour
 b - a +0 animal skin
 d - a +0 chain mail
 e - a +0 pair of boots
 k - a +0 scale mail
 p - a +2 pair of boots (worn)
 v - a +1 plate armour (worn)
Jewellery
 q - a +6 ring of strength (left hand)
 s - an uncursed ring of magical power
 u - a +6 ring of intelligence
 C - a +4 ring of slaying (right hand)
 L - an uncursed ring of protection from fire
Wands
 h - a wand of enslavement (8)
Scrolls
 c - 3 scrolls of enchant armour
 g - 2 scrolls of teleportation
 l - 5 scrolls of remove curse
 t - a scroll of torment {unknown}
 y - 2 scrolls of identify
 D - a scroll of magic mapping
 I - a scroll of noise {unknown}
 J - 2 scrolls of random uselessness {unknown}
 K - a scroll of blinking
Potions
 f - 3 potions of brilliance
 i - 2 potions of attraction
 j - 2 potions of degeneration
 m - a potion of flight
 o - 3 potions of haste
 w - 3 potions of heal wounds
 x - 4 potions of mutation
 z - a potion of invisibility {unknown}
 B - a potion of curing {unknown}


   Skills:
 - Level 6.8 Fighting
 + Level 14.0 Long Blades
 - Level 8.0 Armour
 - Level 2.1 Dodging


You had 8 spell levels left.
You didn't know any spells.
Your spell library was empty.

Dungeon Overview and Level Annotations

Branches:
Dungeon (7/15)             Temple (0/1) D:6

Altars:
Nemelex Xobeh
Okawaru
Sif Muna
Uskayaw
Yredelemnul
The Shining One

Shops:
D:7 [

Annotations:
D:5 2 transporters, Nebesus's ghost, amateur GnDe
D:7 1 transporter, Galthrax's ghost, novice OpIE


Innate Abilities, Weirdness & Mutations

You reflexively headbutt those who attack you in melee.
You have a pair of horns on your head.


Message History

The freezing wraith hits you.
* * * LOW HITPOINT WARNING * * *
The freezing wraith drains your vigour!
You feel as though you will be slow longer.
Galthrax's ghost hits you but does no damage.
You hit Galthrax's ghost but do no damage.
You headbutt Galthrax's ghost, but do no damage.
Galthrax's ghost is almost destroyed.
The freezing wraith hits you but does no damage.
The freezing wraith hits you.
* * * LOW HITPOINT WARNING * * *
You hit Galthrax's ghost.
Galthrax's ghost is almost destroyed.
Galthrax's ghost hits you but does no damage.
You barely miss Galthrax's ghost. Your headbutt misses Galthrax's ghost.
Galthrax's ghost is almost destroyed.
The freezing wraith hits you!
* * * LOW HITPOINT WARNING * * *
The freezing wraith freezes you!!
You die...

...............#..+#...........#
................(.......########
................©.......#
............#########...#
÷#########.##8.[?$.8##..# ÷#
#...#........©#..# .#
#...#.##...##.#..# .#
#...#.##...##.#..######### .#
#...#....@....#..##....... .#
#...#.##†WW##.#..##....... .#
#...#.##...##.#..##....... .#
###.#...(....W#.###....... .#
#.##8.....8##.# #....... ##
#..#########..# #.......
##.....©.....## #.......
#####....#### #.......
#########...### #.......


You could see a freezing wraith and Galthrax's ghost.

Vanquished Creatures
  Harold (D:7)
  Pikel (D:7)
  Eustachio (D:4)
  Menkaure (D:7)
  3 black bears (D:7)
  2 sky beasts (D:7)
  3 ogres
  A centaur (D:7)
  Blork the orc (D:4)
  4 bullfrogs
  A scorpion (D:5)
  9 wights
  A crimson imp (D:7)
  A quasit (D:7)
  A centaur zombie (D:6)
  3 hounds
  An orc priest (D:7)
  3 bullfrog skeletons
  3 orc wizards (D:7)
  Jessica (D:3)
  Ijyb (D:5)
  2 iguanas (D:5)
  Natasha (thrice) (D:3)
  2 worker ants (D:4)
  A worker ant zombie (D:6)
  4 gnolls (D:3)
  9 adders
  A shadow imp (D:7)
  A white imp (D:7)
  An ooze (D:5)
  An ufetubus (D:5)
  An adder zombie (D:6)
  2 worms
  3 dart slugs
  3 leopard geckos
  7 orcs
  5 bats
  4 giant cockroaches
  3 hobgoblins (D:1)
  24 jackals
  6 kobolds
  2 quokkas
  2 ball pythons
  6 frilled lizards
  6 goblins
  A goblin skeleton (D:7)
  A goblin zombie (D:7)
  4 hobgoblin zombies (D:7)
  A kobold skeleton (D:7)
  3 kobold zombies (D:7)
  A leopard gecko skeleton (D:4)
  3 orc skeletons (D:7)
  2 orc zombies (D:7)
  A quokka skeleton (D:5)
  2 quokka zombies
  12 rats
173 creatures vanquished.

Notes
Turn   | Place    | Note
-------+----------+-------------------------------------------
     0 | D:1      | Alarak the Minotaur Berserker began the quest for the Orb.
     0 | D:1      | Reached XP level 1. HP: 19/19 MP: 0/0
   126 | D:1      | Reached skill level 4 in Long Blades
   189 | D:1      | Reached XP level 2. HP: 23/26 MP: 1/1
   317 | D:1      | Reached ** piety under Trog
   366 | D:1      | Reached skill level 5 in Long Blades
   376 | D:1      | Reached XP level 3. HP: 30/31 MP: 2/2
  1552 | D:2      | Reached XP level 4. HP: 34/39 MP: 3/3
  1833 | D:3      | Found a basalt altar of Yredelemnul.
  1884 | D:3      | Noticed Jessica
  1891 | D:3      | Reached *** piety under Trog
  1901 | D:3      | Killed Jessica
  1902 | D:3      | Reached skill level 5 in Fighting
  1902 | D:3      | Reached XP level 5. HP: 38/48 MP: 4/4
  2086 | D:3      | Found a faded altar of an unknown god.
  2163 | D:3      | Noticed Natasha
  2170 | D:3      | Killed Natasha
  2631 | D:3      | Noticed Natasha
  2637 | D:3      | Killed Natasha
  2711 | D:3      | Noticed Natasha
  2714 | D:3      | Killed Natasha
  2834 | D:4      | Noticed an ogre
  3051 | D:4      | Reached XP level 6. HP: 57/58 MP: 5/5
  3103 | D:4      | Reached skill level 5 in Armour
  3429 | D:4      | Noticed Eustachio
  3480 | D:4      | Killed Eustachio
  3481 | D:4      | Reached XP level 7. HP: 26/64 MP: 6/6
  3827 | D:4      | Noticed Blork the orc
  3834 | D:4      | Killed Blork the orc
  4118 | D:5      | Entered Level 5 of the Dungeon
  4149 | D:5      | Noticed Ijyb
  4156 | D:5      | Killed Ijyb
  4605 | D:5      | Reached skill level 6 in Long Blades
  4788 | D:5      | Found a transporter.
  4788 | D:5      | Noticed Nebesus's ghost (amateur GnDe)
  4793 | D:5      | Found a transporter.
  5090 | D:6      | Reached **** piety under Trog
  5091 | D:6      | Reached XP level 8. HP: 71/71 MP: 7/7
  5093 | D:6      | Reached skill level 7 in Long Blades
  5199 | D:6      | Reached skill level 8 in Long Blades
  5253 | D:6      | Found a staircase to the Ecumenical Temple.
  5559 | D:7      | Found a transporter.
  5564 | D:7      | Noticed a freezing wraith
  5576 | D:7      | Found a glowing golden altar of the Shining One.
  5903 | D:7      | Noticed Menkaure
  5904 | D:7      | Reached skill level 9 in Long Blades
  5907 | D:7      | Killed Menkaure
  5914 | D:7      | Reached skill level 10 in Long Blades
  5918 | D:7      | Noticed Pikel
  5934 | D:7      | Killed Pikel
  5934 | D:7      | Reached ***** piety under Trog
  5935 | D:7      | Reached skill level 11 in Long Blades
  5935 | D:7      | Reached XP level 9. HP: 71/78 MP: 8/8
  6136 | D:7      | Reached skill level 12 in Long Blades
  6142 | D:7      | Found a transporter.
  6145 | D:7      | Noticed Galthrax's ghost (novice OpIE)
  6184 | D:7      | Found Lauraymm's Antique Armour Emporium.
  6419 | D:7      | Noticed Harold
  6421 | D:7      | Found a hide-covered altar of Uskayaw.
  6433 | D:7      | Killed Harold
  6434 | D:7      | Reached skill level 13 in Long Blades
  6509 | D:7      | Found a glowing golden altar of the Shining One.
  6664 | D:7      | Found a basalt altar of Yredelemnul.
  6667 | D:7      | Found a sparkling altar of Nemelex Xobeh.
  6670 | D:7      | Found an iron altar of Okawaru.
  6672 | D:7      | Found a shimmering blue altar of Sif Muna.
  6745 | D:7      | Reached skill level 14 in Long Blades
  6752 | D:7      | Mangled by a freezing wraith

Illustrated notes

Levels and vault maps discovered:
D:1:      doesnt_arrival_eight_statues, layout_basic
D:2:      layout_basic, minmay_misc_feat_doors, hex_large
D:3:      layout_loops_ring, chequers_ecumenical_altar_island,
          hangedman_decor_push, lemuel_tele_altar, uniq_natasha, uniq_jessica
D:4:      layout_basic, uniq_blork_the_orc, uniq_eustachio
D:5:      layout_gridville, gammafunk_ghost_mausoleum, uniq_ijyb
D:6:      layout_cave_pools, minmay_temple_entry_overgrown,
          mrwooster_statue_mirror
D:7:      layout_basic, minitemple, gammafunk_ghost_arena, serial_shops,
          nicolae_shop_crystal, nicolae_tso_besieged_by_evil, uniq_pikel,
          uniq_harold, uniq_menkaure

Skill      XL: |  1  2  3  4  5  6  7  8  9 |
---------------+----------------------------+-----
Long Blades    | 4 5 6 11 14 | 14.0
Armour         | 4 7 8 |  8.0
Fighting       | 5 6 |  6.8
Dodging        | |  2.1

Action                   |  1- 3 |  4- 6 |  7- 9 || total
-------------------------+-------+-------+-------++-------
Melee: Falchion          |    91 |    96 |   110 ||   297
       Headbutt          |    15 |    23 |    52 ||    90
       Dagger            |       |    27 |    60 ||    87
       Great sword       |       |       |    14 ||    14
Invok: Berserk           |     1 |     6 |    11 ||    18
  Use: Scroll            |       |       |    12 ||    12
Armor: Chain mail        |    59 |    21 |       ||    80
       Plate armour      |       |   101 |   115 ||   216
Dodge: Dodged            |    39 |    53 |    63 ||   155
       Rpst.: Falchion   |     8 |    13 |     4 ||    25
